Cogmind - Beta 10.1 *** ADVENTURER MODE // 2020.10.29 @ 08:17:00 Player: darlorth Result: Self-destructed Performance ------------- Evolutions (2) 1000 Regions Visited (4) 800 Robots Destroyed (20) 100 Value Destroyed (363) 363 Prototype IDs (1) 20 Alien Tech Used (0) 0 Bonus (0) 0 TOTAL SCORE: 2283 Bonus ------- None Cogmind --------- Core Integrity 486/550 Matter 300/300 Energy 250/250 System Corruption 0% Temperature Cool (9) Movement Core (300) Ox5 Location -8/Materials Parts ------- > --- POWER (2) -------- Ion Engine > --- PROPULSION (4) --- (None) > --- UTILITY (3) ------ Medium Storage Unit Improved Sensor Array Power Shielding > --- WEAPON (2) ------- Hammer > --- INVENTORY (8) ---- Airjet Improved Heat Sink Cooling System Compact Battery (300) Sensor Array Small Laser Light EM Pulse Cannon Rocket Launcher Peak State ------------ > --- POWER ------------ Ion Engine > --- PROPULSION ------- Flight Unit Flight Unit Flight Unit Flight Unit > --- UTILITY ---------- Cooling System Medium Storage Unit > --- WEAPON ----------- Advanced Beam Cannon Light Assault Rifle > --- INVENTORY -------- Ion Engine Sensor Array Small Laser [Rating: 12] Favorites ----------- Power Ion Engine Engine Ion Engine Propulsion Flight Unit Leg Improved Aluminum Leg Flight Unit Flight Unit Utility Medium Storage Unit Device Improved Sensor Array Storage Medium Storage Unit Processor Armor Integrity Analyzer Protection Power Shielding Weapon Light Assault Rifle Energy Gun Small Laser Energy Cannon Advanced Beam Cannon Ballistic Gun Light Assault Rifle Impact Weapon Hammer Build | -11 -10 -9 -9 -8 ------- Run | Scr Mat Mat Min Mat Slots Evolved 4 | . . 2 . 2 Power 1 | . . . . 1 Propulsion 2 | . . 2 . . Utility 1 | . . . . 1 Weapon . | . . . . . Parts Attached 29 | 5 8 5 9 2 Power 4 | 1 . . 2 1 Engine 4 | 1 . . 2 1 Core . | . . . . . Reactor . | . . . . . Propulsion 10 | 2 2 5 1 . Treads . | . . . . . Leg 5 | 2 2 1 . . Wheel . | . . . . . Hover . | . . . . . Flight 5 | . . 4 1 . Utility 8 | . 4 . 3 1 Device 4 | . 2 . 2 . Storage 1 | . . . 1 . Processor 2 | . 2 . . . Hackware . | . . . . . Protection 1 | . . . . 1 Artifact . | . . . . . Weapon 7 | 2 2 . 3 . Energy Gun 2 | . 1 . 1 . Energy Cannon 1 | . . . 1 . Ballistic Gun 3 | 2 1 . . . Ballistic Cannon . | . . . . . Launcher . | . . . . . Special Weapon . | . . . . . Impact Weapon 1 | . . . 1 . Slashing Weapon . | . . . . . Piercing Weapon . | . . . . . Special Melee Weapon . | . . . . . Unidentified Prototypes 1 | . . . 1 . Parts Lost 8 | . 1 . 2 5 Power 1 | . . . . 1 Propulsion 4 | . . . . 4 Utility . | . . . . . Weapon 3 | . 1 . 2 . Highest Loss Streak 5 | . 1 . 2 5 Average Slot Usage (%) 89 | . 87 88 90 88 Engine 12 | . 14 11 10 17 Leg 9 | . 28 25 . . Flight 27 | . . 7 43 35 Device 9 | . 8 11 11 9 Storage 6 | . . . 10 9 Processor 3 | . 7 11 . . Protection 1 | . . . . 9 Energy Gun 4 | . 2 11 5 . Ballistic Gun 9 | . 25 11 3 . Impact Weapon 4 | . . . 5 9 Naked Turns . | . . . . . Heaviest Build 20 | 7 9 8 16 20 Greatest Support 39 | 20 26 39 16 16 Greatest Overweight (x) 3 | . . 1 3 1 Average Overweight (x) . | . . . . 1 Largest Inventory Capacity 8 | 4 4 4 8 8 Average Capacity 6 | 4 4 4 7 8 Most Carried 8 | 3 4 4 6 8 Average Carried 4 | 1 3 3 3 6 Final Capacity 8 | 4 4 4 8 8 Final Carried 8 | 2 4 4 6 8 Class Distribution -------------------- 51% | Scavenger-Mutant 36% | Mutant 11% | Scavenger-Sprinter Dominant Class ---------------- Mutant | -10/Materials Mutant | -9/Materials Scavenger-Mutant | -9/Mines Scavenger-Mutant | -8/Materials Resources | -11 -10 -9 -9 -8 ----------- Run | Scr Mat Mat Min Mat Matter Collected 544 | 250 145 50 99 . Remotely . | . . . . . Salvage Created 438 | . 311 84 43 . Parts 36 | . 21 9 6 . Haulers Intercepted . | . . . . . Recyclers Shooed . | . . . . . Parts Field Recycled . | . . . . . Retrieved Matter . | . . . . . Parts Self-Destructed . | . . . . . Prevented . | . . . . . Kills | -11 -10 -9 -9 -8 ------- Run | Scr Mat Mat Min Mat Combat Hostiles Destroyed 19 | . 11 5 3 . Guns 19 | . 11 5 3 . Classes Destroyed 3 | . 3 . . . Watcher 1 | . 1 . . . Swarmer 13 | . 6 4 3 . Grunt 6 | . 5 1 . . Best Kill Streak 6 | . 6 5 3 . Combat Bots Only 6 | . 6 5 3 . Max Kills in Single Turn 2 | . 2 1 1 . Gunslinging 1 | . 1 . . . Exploded . | . . . . . Melee . | . . . . . Uniques/NPCs Destroyed . | . . . . . Combat | -11 -10 -9 -9 -8 -------- Run | Scr Mat Mat Min Mat Damage Taken 778 | . 386 101 48 243 Core 163 | . 61 28 10 64 Absorbed by Shields . | . . . . . Core Remaining (%) 88 | 100 75 . 90 . Volleys Fired 57 | . 44 7 6 . Largest 2 | . 2 2 2 . Hottest 60 | . 60 60 60 . Shots Fired 110 | . 88 14 8 . Gun 110 | . 88 14 8 . Cannon . | . . . . . Launcher . | . . . . . Special . | . . . . . Kinetic 89 | . 80 7 2 . Thermal 21 | . 8 7 6 . Explosive . | . . . . . Electromagnetic . | . . . . . Robot Hit Streak 23 | . 22 23 6 . Robot Miss Streak 3 | . 3 1 1 . Penetration Max . | . . . . . Secondary Targets 4 | . 2 1 1 . Max Gunslinging Chain 1 | . 1 1 1 . Shots Hit Robots 93 | . 67 11 6 9 Core Hits 33 | . 23 6 3 1 Critical Hits 2 | . 2 . . . Critical Kills 1 | . 1 . . . Critical Parts Destroyed 1 | . 1 . . . Melee Attacks 10 | . . . . 10 Impact 10 | . . . . 10 Slashing . | . . . . . Piercing . | . . . . . Sneak Attacks . | . . . . . Combat Hostiles . | . . . . . Follow-up Attacks . | . . . . . Damage Inflicted 824 | . 522 107 61 134 Guns 690 | . 522 107 61 . Cannons . | . . . . . Explosions . | . . . . . Melee 134 | . . . . 134 Ramming . | . . . . . Kinetic 486 | . 434 35 17 . Thermal 204 | . 88 72 44 . Explosive . | . . . . . Electromagnetic . | . . . . . Impact 134 | . . . . 134 Slashing . | . . . . . Piercing . | . . . . . Highest Corruption . | . . . . . Average Corruption . | . . . . . Corruption Purged . | . . . . . Overload Shots . | . . . . . Overflow Damage . | . . . . . Projectiles . | . . . . . Explosions . | . . . . . Melee . | . . . . . Knockbacks . | . . . . . Impact . | . . . . . Kinetic . | . . . . . Secondary . | . . . . . Self-Inflicted Damage . | . . . . . Shots . | . . . . . Rammed . | . . . . . Targets Rammed . | . . . . . Kicked . | . . . . . Crushed . | . . . . . Highest Temperature 312 | . 88 34 312 . Average Temperature 51 | . 38 13 151 . Received Heat Transfer 366 | . 207 24 . 135 Siege Activations . | . . . . . Robots Corrupted . | . . . . . Combat Hostiles . | . . . . . Parts Fried . | . . . . . Impact Corruptions . | . . . . . Robots Melted . | . . . . . Combat Hostiles . | . . . . . Parts Melted . | . . . . . Heat Transferred 475 | . 200 175 100 . Parts Sabotaged . | . . . . . Parts Stolen . | . . . . . Parts Stripped . | . . . . . Power Chain Reactions . | . . . . . Missiles Intercepted . | . . . . . Alert | -11 -10 -9 -9 -8 ------- Run | Scr Mat Mat Min Mat Peak Influence 308 | . 308 163 103 55 Initial 53 | . . 38 53 . Average 62 | . 138 75 44 9 Maximum Alert Level 1 | . 1 . . . Low Security (%) 90 | 100 61 100 100 100 Level 1 9 | . 38 . . . Level 2 . | . . . . . Level 3 . | . . . . . Level 4 . | . . . . . Level 5 . | . . . . . High Security . | . . . . . Max Security . | . . . . . Squads Dispatched 3 | . 1 . . 2 Investigation 1 | . 1 . . . Extermination . | . . . . . Reinforcement 2 | . . . . 2 Assault . | . . . . . Garrison . | . . . . . Intercept . | . . . . . Construction Impeded . | . . . . . Haulers Reinforced . | . . . . . Stealth | -11 -10 -9 -9 -8 --------- Run | Scr Mat Mat Min Mat Distress Signals 2 | . 1 . . 1 Communications Jammed . | . . . . . Distress Signals . | . . . . . Times Spotted 36 | . 16 7 3 10 Peak Tracking Total 6 | . 6 5 3 6 Tactical Retreats 1 | . . . . 1 Traps | -11 -10 -9 -9 -8 ------- Run | Scr Mat Mat Min Mat Traps Triggered 1 | . 1 . . . Indirectly . | . . . . . Trap Hack Attempts . | . . . . . Triggered . | . . . . . Disarmed . | . . . . . Reprogrammed . | . . . . . Reused . | . . . . . Traps Extracted . | . . . . . Installed . | . . . . . Triggered . | . . . . . Machines | -11 -10 -9 -9 -8 ---------- Run | Scr Mat Mat Min Mat Machines Disabled . | . . . . . Max in Single Turn . | . . . . . Machines Sabotaged . | . . . . . Garrisons Compromised . | . . . . . Overloaded Fab Kills . | . . . . . Fab Network Shutdowns . | . . . . . Hacking | -11 -10 -9 -9 -8 --------- Run | Scr Mat Mat Min Mat Machines Accessed 4 | . 2 . 1 1 Terminals 3 | . 1 . 1 1 Fabricators . | . . . . . Repair Stations . | . . . . . Recycling Units 1 | . 1 . . . Scanalyzers . | . . . . . Garrison Access . | . . . . . Total Hacks 5 | . 3 . 1 1 Successful 4 | . 2 . 1 1 Failed 1 | . 1 . . . Catastrophic . | . . . . . Database Lockouts . | . . . . . Manual 3 | . 1 . 1 1 Terminals 3 | . 1 . 1 1 Fabricators . | . . . . . Repair Stations . | . . . . . Recycling Units 2 | . 2 . . . Scanalyzers . | . . . . . Garrison Access . | . . . . . Terminal Hacks 1 | . 1 . . . Part Schematic 1 | . 1 . . . Fabricator Hacks . | . . . . . Repair Station Hacks . | . . . . . Recycling Unit Hacks 1 | . 1 . . . Retrieve Components 1 | . 1 . . . Scanalyzer . | . . . . . Garrison Access Hacks . | . . . . . Unauthorized Hacks 2 | . . . 1 1 Terminals 2 | . . . 1 1 Track 2 | . . . 1 1 Fabricators . | . . . . . Repair Stations . | . . . . . Recycling Units . | . . . . . Scanalyzers . | . . . . . Garrison Access . | . . . . . Data Cores Recovered . | . . . . . Used . | . . . . . Hacking Detections . | . . . . . Full Trace Events . | . . . . . Feedback Events . | . . . . . Feedback Blocked . | . . . . . Robot Schematics Acquired . | . . . . . Robots Built . | . . . . . Matter . | . . . . . Time . | . . . . . Total Robot Build Rating . | . . . . . Part Schematics Acquired 1 | . 1 . . . Parts Built . | . . . . . Matter . | . . . . . Time . | . . . . . Total Part Build Rating . | . . . . . Parts Repaired . | . . . . . Time . | . . . . . Parts Recycled . | . . . . . Recycled Matter . | . . . . . Retrieved Matter . | . . . . . Retrieved Components 2 | . 2 . . . Parts Scanalyzed . | . . . . . Part Schematics Acquired . | . . . . . Parts Damaged . | . . . . . Bothacking | -11 -10 -9 -9 -8 ------------ Run | Scr Mat Mat Min Mat Used RIF Installer . | . . . . . Robots Hacked . | . . . . . Non-combat . | . . . . . Combat . | . . . . . Robot Hacks Applied . | . . . . . Relay Couplers Released . | . . . . . Robots Rewired . | . . . . . Allies Hacked . | . . . . . Hacks Repelled . | . . . . . Allies | -11 -10 -9 -9 -8 -------- Run | Scr Mat Mat Min Mat Total Allies . | . . . . . Largest Group . | . . . . . Highest-Rated Group . | . . . . . Highest-Rated Ally . | . . . . . Total Orders . | . . . . . Ally Attacks . | . . . . . Total Damage . | . . . . . Kills . | . . . . . Allies Corrupted . | . . . . . Allies Melted . | . . . . . Intel | -11 -10 -9 -9 -8 ------- Run | Scr Mat Mat Min Mat Robot Analysis Total . | . . . . . Derelict Logs Recovered 2 | . . . 2 . Drone Launches . | . . . . . Drone Recoveries . | . . . . . Exploration | -11 -10 -9 -9 -8 ------------- Run | Scr Mat Mat Min Mat Turns Passed 1606 | 63 403 141 703 296 Spaces Moved 1082 | 47 223 135 441 236 Core 7 | 7 . . . . Treads . | . . . . . Legs 337 | 40 223 74 . . Wheels . | . . . . . Hover . | . . . . . Flight 738 | . . 61 441 236 Fastest Speed 31 | 50 120 31 31 111 Average Speed 109 | 109 120 82 111 111 Slowest Speed 280 | 120 120 120 280 111 Overloaded Moves . | . . . . . Propulsion Burnouts . | . . . . . Robots Hopped . | . . . . . Cave-ins Triggered . | . . . . . Exploration Rate (%) 29 | 3 41 11 75 19 Regions Visited 4 Branch Regions 1 Pre-discovered Areas 1 | . . . 1 . Known Exits Taken 2 | . 1 1 . . Unknown Exits Taken 2 | 1 . . 1 . Scrap Searched 2 | . . . 2 . Spaces Dug . | . . . . . Terrain Destroyed . | . . . . . Melee . | . . . . . Projectile . | . . . . . AOE . | . . . . . Terrain Rammed . | . . . . . Walls Destroyed . | . . . . . Machines Disabled . | . . . . . Actions | -11 -10 -9 -9 -8 --------- Run | Scr Mat Mat Min Mat Total 1397 | 58 287 150 647 255 Wait 187 | . 4 . 180 3 Move 1078 | 46 222 134 440 236 Hop . | . . . . . Pick Up 24 | 7 4 1 8 4 Fast Attach 7 | . 3 4 . . Attach 13 | 5 1 1 4 2 Detach . | . . . . . Swap 9 | . 4 . 5 . Drop 12 | . 5 3 4 . Fire 57 | . 44 7 6 . Melee 10 | . . . . 10 Ram . | . . . . . Kick . | . . . . . Crush . | . . . . . Escape Stasis . | . . . . . Rewire . | . . . . . Trap . | . . . . . Miscellaneous . | . . . . . Route ------- -11/Scrapyard -10/Materials -9/Materials -9/Mines (discovered 2 exits: *Mat x2) -8/Materials (discovered 1 exit: Fac) History --------- Turn | Location | Event 33 | -11/Scrapyard | Discovered new exit (range 15) 64 | -11/Scrapyard | Entered Materials 313 | -10/Materials | Build established: Mutant 369 | -10/Materials | Discovered new exit (range 16) 466 | -10/Materials | Identified exit to Materials 467 | -10/Materials | Entered another Materials area 467 | -9/Materials | Evolved 2 slots: Propulsion x2 596 | -9/Materials | Discovered new exit (range 16) 608 | -9/Materials | Identified exit to Mines 608 | -9/Materials | Entered Mines 611 | -9/Mines | Learned location of 1 exit from Materials 618 | -9/Mines | Learned location of Zion (-7) 634 | -9/Mines | Met a Derelict bent on vengeance 913 | -9/Mines | Discovered new exit (range 12) 1080 | -9/Mines | Discovered new exit (range 7) 1130 | -9/Mines | Build established: Scavenger-Mutant 1311 | -9/Mines | Entered Materials 1311 | -8/Materials | Evolved 2 slots: Power x1, Utility x1 1312 | -8/Materials | Identified exit to Factory 1607 | -8/Materials | Self-destructed Last Messages --------------- 01319_ Acquired Lgt. EM Pulse Cannon. 01330_ T-07 Excavator is excavating. 01355_ K-01 Serf cleans the Electrolysis Chamber. 01359_ Acquired Airjet. 01362_ K-01 Serf cleans the Electrolysis Chamber. 01400_ K-01 Serf collects debris. 01498_ Acquired Com. Battery. 01499_ ALERT: Hostiles spotted, dispatching reinforcements to Terminal M007. 01549_ Connecting with Terminal... 01549_ Current location identified: Materials >>Trojan(Track) Trojan loaded successfully. Testing... Tracking enabled and active. 01566_ W-25 Informer distress signal alerts nearby ally. 01576_ Acquired Imp. Heat Sink. 01589_ ALERT: Hostiles spotted, dispatching reinforcements to Terminal M008. 01594_ Flight Unit destroyed. 01597_ Lgt. Ion Engine destroyed. 01599_ Flight Unit destroyed. Map ----- +----------------------------------------------------+ | | | | | | | | | | | ?????????????????????????????????????????????????? | | ?????????????????????????????????????????????????? | | ?????????????????????????????????????????????????? | | ?????????????????????????????????????????????????? | | ?????????????????????????????????????????????????? | | ?????????????????????????????????????????????????? | | ???????????????#####?????????????????????????????? | | ??????????????? #?????????????????????????????? | | ????????#####? #?????????????????????????????? | | ?######## #? #?????????????????????????????? | | ?# """ # # "T" #?????????????????????????????? | | ## "T" # # """ #?????????????????????????????? | | + " " + + #?????????????????????????????? | | ## # ########?????????????????????????????? | | ?# # #????????????????????????????????????? | | ?# # #????????????????????????????????????? | | ?######## ##########???????????????????????????? | | ????????# # #???????????????????????????? | | ????????# # """ #?????????? #???????????????? | | ######### # """ ####### #???????????????? | | w # """ ] g @ Y +???????????????? | | w o u ####### #???????????????? | | # #?????????? #???????????????? | | ######### # "Y" #???????????????????????????? | | """ #???# # """ #???????????????????????????? | | "T" #???# # #???????????????????????????? | | #???# ##########???????????????????????????? | | #???# #????????????????????????????????????? | | """ #???# #????????????????????????????????????? | | """ #??## ##???????????????????????????????????? | | """ #??# #???????????????????????????????????? | | #??# #???????????????????????????????????? | | ##+##??# #???????????????????????????????????? | | ?# #???# #???????????????????????????????????? | | ##+##### #???????????????????????????????????? | | # ###+##########????????????????????????????? | | #""" [# """"" #????????????????????????????? | | #""" # ! """"" #????????????????????????????? | | #""" # """"" #????????????????????????????? | | # # #????????????????????????????? | | # # #????????????????????????????? | | ####+###########+####????????????????????????????? | | #???????????????????????????????? | | #???????????????????????????????? | | #???????????????????????????????? | +----------------------------------------------------+ Best States ------------- Heat Dissipation 50 Energy Generation 15 Energy Capacity 275 Matter Stores 300 Matter Capacity 300 Sight Range 16 Robot Scan Range 13 Terrain Scan Density 10 Resistance: KI 20 Resistance: TH 20 Resistance: EX 20 Resistance: EM 20 Resistance: I 20 Resistance: S 20 Resistance: P 20 Power Shielding 33 Evasion (%) 63 Armor Integrity Analysis 33 Offensive Hacking 10 Item Schematics ----------------- Lrg. Storage Unit | -10/Materials | Hacked Robot Schematics ------------------ None Fabricated ------------ Nothing Alien Tech Used ----------------- None Achievements -------------- None Challenges ------------ None Game ------ Seed HeartHardenedScythe Manual? 0 Play Time 00:18:51 Cumulative 124.7 hours Start 2020.10.29 @ 07:56:30 End 2020.10.29 @ 08:17:00 Sessions 1 Manual Loads 0 Difficulty Adventurer Special Mode None Game No. 156 Rogue 102 Adventurer 11 Explorer 43 Win Type - Total 2 Types 1/0/1/0/0/0/0/0/0 Lore% 27 Gallery% 58 Achievement% 48 Wizard Run 0 Options --------- ASCII 0 Keyboard 0 Movement Mouse Keybinds 0 Fullscreen 1 Font 12/Smallcaps Map View 83x54 Tactical HUD 1 Map Filters NONE Filters NONE Steam 1 RUN: fc8613fc-4430-4353-9b6b-6ba1d4cf212b